cohdb
Replays
Latest Replays
All Replays
Popular Replays
Top Player Replays
Match Explorer
How It Works
Community
CoH3 Stats
Reddit
Sign in to upload your games and track your stats! →
Sign in with Steam
Match 44865634
Unlisted
Match 44865634
Overview
Messages
Build Orders
End
Kettenkrad Recon Vehicle
Selects Mechanized Battlegroup
Construct Infanterie Kompanie
Grenadier Squad
MG 42 Machine Gun Team
Grenadier Squad
Medical Station
Grenadier Squad
Construct Luftwaffe Kompanie
Flak 30 Anti-aircraft Gun Team
Selects Raid Package
Selects StuG Assault Group
StuG Assault Group
Selects UNKNOWN (2160084)
Selects Spotting Scopes
Support Elements
Pioneer Squad
Selects Wespe Self-propelled Artillery
Construct Panzer Kompanie
Selects Mechanized Assault
Panther Heavy Tank
Mechanized Assault
Stormless
MADAO
0
0
Comments
sign in to comment!
No comments posted yet!